Map: Inside and Out

Players

Babalao - Winner!

  • Race: Terran Terran
  • League: Silver
  • Spawn Location: 1:00

SealMaster

  • Race: Zerg Zerg
  • League: Silver
  • Spawn Location: 7:00

VOD

Have the link to the VOD?

Description

I liked this match.

Time

  • Played on: July 24, 2022, 10:01 p.m.
  • Length: 27:15
Show
View Real Time Build Order
Export as new Build Order

Babalao Terran - Winner!

Build Orders:  

Get SALT Encoding   

  12  0:01  SCV  
  13  0:18  SCV, Supply Depot  
  14  0:30  SCV  
  15  0:36  Refinery  
  15  0:43  Supply Depot  
  15  0:48  SCV  
  16  1:00  SCV  
  17  1:07  Supply Depot  
  17  1:10  Barracks  
  17  1:19  SCV  
  18  1:33  SCV  
  19  1:45  SCV  
  20  1:48  Refinery  
  20  2:05  Bunker, Barracks Reactor  
  20  2:12  SCV  
  21  2:19  Barracks  
  21  2:25  SCV  
  23  2:37  SCV  
  23  2:38  Factory  
  23  2:43  Marine x2  
  25  2:49  Bunker  
  25  3:00  Marine  
  25  3:01  Marine  
  27  3:10  Supply Depot  
  27  3:11  Barracks Tech Lab  
  27  3:14  SCV  
  27  3:18  Marine x2  
  30  3:33  Supply Depot  
  30  3:40  Bunker  
  30  3:44  Marine x2  
  34  3:55  Widow Mine  
  34  3:56  Marine  
  34  4:02  Starport  
  35  4:04  Orbital Command  
  35  4:09  Marine x2  
  37  4:14  Marine  
  38  4:22  Bunker  
  38  4:27  Marine  
  30  5:11  Combat Shield  
  30  5:14  Liberator  
  30  5:21  Barracks, Engineering Bay  
  33  5:28  Command Center  
  33  5:59  Widow Mine  
  35  6:05  Marine  
  36  6:22  Marine  
  37  6:33  Fusion Core  
  37  6:34  Terran Infantry Weapons Level 1  
  37  6:36  Starport Tech Lab, Barracks Reactor  
  37  6:40  Marine  
  37  6:42  Bunker  
  38  6:47  Refinery, SCV  
  39  6:55  SCV  
  39  6:58  Marine  
  39  6:59  SCV  
  42  7:07  SCV  
  43  7:11  SCV  
  44  7:16  Marine  
  44  7:18  Marine x2  
  44  7:19  SCV  
  48  7:23  SCV, Supply Depot  
  49  7:31  SCV  
  49  7:34  Marine  
  49  7:36  Marine x2  
  50  7:43  SCV  
  51  7:46  Supply Depot  
  49  7:51  Marine  
  49  7:54  Barracks, Marine  
  49  7:55  SCV  
  52  7:58  Stimpack  
  52  8:10  Supply Depot, Marauder  
  52  8:12  Marine x2  
  56  8:16  Liberator  
  59  8:20  SCV  
  60  8:28  Terran Infantry Armor Level 1  
  60  8:30  Marine  
  60  8:31  Marauder  
  60  8:32  SCV  
  60  8:34  Supply Depot  
  64  8:50  SCV  
  64  8:53  Marauder  
  67  8:59  Refinery  
  67  9:03  SCV  
  67  9:04  Barracks Tech Lab  
  68  9:10  Starport  
  68  9:14  Marauder  
  70  9:21  Orbital Command  
  70  9:24  Marine x3  
  73  9:35  Marine  
  74  9:42  Marine x2  
  74  9:43  Marauder  
  78  9:53  Marauder  
  80  10:00  Marine  
  80  10:04  Marauder  
  71  10:41  Medivac  
  70  10:44  Factory Tech Lab  
  70  10:46  Marine x3  
  70  10:47  Marine  
  74  11:02  Neosteel Armor  
  74  11:04  Siege Tank  
  77  11:05  Marauder x2  
  77  11:11  Medivac, Marine x2  
  85  11:18  Armory  
  85  11:19  Command Center  
  85  11:20  Starport Reactor  
  85  11:26  Marauder x2  
  85  11:29  Marine x2  
  91  11:36  Siege Tank  
  94  11:48  Marauder x2  
  98  11:56  Marine x2  
  99  12:09  Marauder x2  
  99  12:13  Marine  
  73  12:26  Marine  
  74  12:30  Marauder  
  74  12:31  Marine, Marauder  
  74  12:33  Missile Turret  
  79  12:42  Planetary Fortress  
  79  12:44  Marine  
  79  12:47  SCV  
  79  12:49  Marine  
  79  12:50  Battlecruiser  
  88  12:51  Terran Infantry Weapons Level 2  
  88  12:52  Marauder, Marine  
  88  12:53  Terran Vehicle Weapons Level 1  
  88  12:55  Missile Turret  
  91  12:59  SCV  
  91  13:03  Medivac  
  94  13:07  Barracks  
  94  13:10  Marauder  
  94  13:11  SCV  
  97  13:13  Marauder  
  99  13:23  Missile Turret, SCV  
  100  13:28  Marine  
  100  13:29  Marine  
  100  13:30  Siege Tank  
  100  13:31  Marauder  
  107  13:34  Marine  
  107  13:36  SCV x2, Bunker  
  107  13:40  Refinery  
  110  13:44  Missile Turret  
  110  13:54  Battlecruiser  
  116  14:06  Missile Turret  
  86  14:39  Medivac x2  
  86  14:43  Marine x3  
  86  14:44  Marauder  
  95  14:53  Widow Mine  
  97  15:01  Marauder  
  97  15:05  Marauder  
  97  15:06  Battlecruiser  
  107  15:14  Widow Mine  
  105  15:23  Marauder  
  98  15:36  Widow Mine  
  99  15:49  SCV  
  100  16:00  Refinery  
  100  16:01  SCV, Marine x2  
  100  16:02  Marine x3  
  106  16:13  SCV  
  106  16:15  Drilling Claws  
  106  16:17  Terran Infantry Armor Level 2  
  107  16:20  Marauder x2  
  107  16:21  Bunker  
  107  16:25  SCV, Terran Vehicle And Ship Armor Level 1  
  112  16:38  SCV  
  113  16:41  Marauder  
  113  16:43  Marine x2  
  117  16:47  Bunker  
  117  16:54  Supply Depot  
  117  17:09  Sensor Tower  
  117  17:16  Marine x2  
  117  17:17  Supply Depot  
  117  17:19  Widow Mine  
  121  17:24  Marine x3  
  124  17:34  Marine  
  125  17:38  Marine  
  125  17:40  Widow Mine, Supply Depot  
  125  17:42  Marine  
  129  17:56  Sensor Tower  
  116  18:02  Widow Mine  
  99  18:19  Terran Ship Weapons Level 1  
  99  18:23  Weapon Refit  
  95  19:10  Marine x4  
  95  19:12  Battlecruiser  
  99  19:28  Marine  
  100  19:41  Bunker, Marauder x2  
  100  19:42  Marine  
  105  19:45  Marine  
  106  19:59  Marine  
  106  20:02  Marauder x2  
  106  20:03  Marine  
  112  20:13  Terran Vehicle Weapons Level 2  
  112  20:17  Marine  
  112  20:19  Medivac x2  
  117  20:24  Marauder  
  119  20:36  Sensor Tower  
  119  20:50  Widow Mine  
  121  21:18  Command Center, Terran Infantry Weapons Level 3  
  121  22:21  Battlecruiser  
  127  22:23  Marine x2, Marauder x2  
  133  22:41  Marine x2  
  135  22:45  Marauder  
  137  24:14  Terran Infantry Armor Level 3  
  137  24:15  Terran Vehicle And Ship Armor Level 2  
  137  24:57  Planetary Fortress  
  137  25:18  Refinery  
Show
View Real Time Build Order
Export as new Build Order

SealMaster Zerg 

Build Orders: Pool First 

Get SALT Encoding   

  12  0:05  Drone  
  13  0:12  Drone  
  14  0:17  Overlord  
  14  0:22  Extractor  
  14  0:24  Drone  
  14  0:51  Spawning Pool, Drone  
  14  0:52  Drone  
  14  0:53  Drone  
  16  1:26  Drone  
  17  1:38  Queen  
  17  1:39  Zergling x2  
  20  1:40  Zergling x4  
  22  1:50  Overlord  
  22  2:00  Metabolic Boost  
  22  2:09  Zergling x2  
  23  2:26  Zergling x4  
  25  2:34  Drone, Extractor  
  25  2:50  Evolution Chamber  
  24  2:54  Drone  
  25  3:08  Zergling x8  
  29  3:18  Zerg Melee Weapons Level 1  
  29  3:21  Zergling x2  
  29  3:22  Overlord  
  30  3:41  Drone  
  31  3:53  Zergling x2  
  31  3:54  Zergling x2  
  33  4:06  Zergling x8  
  37  4:18  Zergling x2  
  37  4:20  Lair  
  28  5:16  Zergling x2  
  28  5:17  Zergling x6  
  28  5:19  Hatchery  
  31  5:21  Drone  
  32  5:49  Hydralisk Den  
  31  5:51  Zerg Ground Armor Level 1  
  31  5:52  Zergling x2  
  31  5:53  Zergling x4  
  34  6:20  Overlord x2  
  34  6:39  Drone  
  35  6:40  Queen  
  37  6:49  Grooved Spines  
  37  6:51  Hydralisk x3  
  43  7:00  Drone x2  
  43  7:01  Drone  
  38  8:15  Hydralisk  
  38  8:16  Hydralisk x5  
  50  8:33  Overseer  
  50  8:53  Drone  
  50  8:54  Drone  
  50  8:55  Overlord  
  52  9:27  Zergling x4  
  52  9:28  Zergling x6  
  52  9:30  Hydralisk  
  59  9:32  Overlord  
  53  10:54  Zergling x24  
  65  10:58  Hydralisk  
  65  11:01  Overlord  
  67  11:11  Spore Crawler  
  44  12:21  Zergling x6  
  46  12:24  Zergling x2  
  46  12:25  Zergling x6  
  44  12:38  Overseer  
  44  13:34  Zergling x2  
  44  13:35  Zergling x16  
  44  13:38  Hydralisk x3  
  57  14:08  Zerg Melee Weapons Level 2  
  57  14:11  Muscular Augments  
  57  14:18  Hydralisk  
  57  14:19  Hydralisk x3  
  63  14:34  Overseer  
  51  15:24  Zergling x2  
  51  15:25  Zergling x20  
  46  16:01  Hydralisk  
  46  16:02  Hydralisk x5  
  46  16:03  Zergling x2  
  46  16:04  Zergling x10  
  64  16:11  Spore Crawler  
  63  16:20  Spore Crawler  
  63  16:24  Zerg Missile Weapons Level 1  
  62  16:47  Hydralisk x7  
  57  18:18  Zerg Ground Armor Level 2  
  47  18:34  Spore Crawler, Hydralisk  
  26  18:35  Spore Crawler, Hydralisk x3  
  21  18:57  Zergling x16  
  29  20:00  Hatchery  
  28  20:28  Overseer  
  28  21:00  Hydralisk  
  28  21:02  Hydralisk  
  28  21:03  Hydralisk  
  34  21:39  Drone  
  35  21:45  Drone  
  35  21:46  Drone  
  37  22:34  Overlord  
  15  23:18  Queen  
  12  23:54  Queen  
  13  24:43  Drone  
  13  24:44  Drone x2  
  16  25:00  Spawning Pool  
Tags
 
Add a new tag
Caveats
  • Supply blocks, unpowered buildings, or Contaminate may cause inaccurate times.
  • Supply counts are checked every 10 seconds.